 Dungeon Crawl Stone Soup version 0.29-a0-870-g2c972031a6 (webtiles) character file.

Game seed: 12854914145806099915

123 kevlar127 the Ruffian (level 4, -3/45 HPs)
             Began as a Troll Berserker on July 17, 2022.
             Was a Follower of Trog.
             Slain by a goblin
             ... wielding a +2 dagger of venom
             ... led by Robin
              (4 damage)
             ... on level 2 of the Dungeon.
             The game lasted 00:01:58 (1139 turns).

kevlar127 the Ruffian (Troll Berserker)             Turns: 1139, Time: 00:01:58

Health: -3/45      AC:  4    Str: 27    XL:     4   Next: 79%
Magic:  3/3        EV: 10    Int:  3    God:    Trog [*.....]
Gold:   102        SH:  0    Dex:  9    Spells: 3/3 levels left

rFire   . . .      SeeInvis .     - Unarmed
rCold   . . .      Faith    .   (no shield)
rNeg    . . .      Spirit   .   a - +0 animal skin
rPois   .          Reflect  .   (helmet restricted)
rElec   .          Harm     .   (no cloak)
rCorr   .          Rampage  .   (gloves unavailable)
Will    ++...                   (boots unavailable)
Stlth   +.........              (no amulet)
HPRegen 1.95/turn               (no ring)
MPRegen 0.08/turn               (no ring)

@: lethally poisoned (-3 -> -4), strong-willed, on berserk cooldown,
regenerating, slowed, very slow
A: large, unfitting armour, claws 3, regeneration 1, shaggy fur 1, tough skin 1
a: Renounce Religion, Berserk


You were on level 2 of the Dungeon.
You worshipped Trog.
Trog was aware of your devotion.
You visited 1 branch of the dungeon, and saw 2 of its levels.

You collected 102 gold pieces.

Inventory:

Missiles
 b - 12 stones (quivered)
Armour
 a - a +0 animal skin (worn)
Jewellery
 f - a ring of ice
Scrolls
 h - a scroll of poison {unknown}
Potions
 c - 2 potions of lignification {unknown}
 d - a potion of curing {unknown}
 e - a potion of brilliance {unknown}
 g - a potion of might {unknown}


   Skills:
 + Level 3.4 Fighting
 - Level 3.0 Dodging
 + Level 4.2 Unarmed Combat


You had 3 spell levels left.
You didn't know any spells.
Your spell library was empty.

Dungeon Overview and Level Annotations

Branches:
Dungeon (2/15)

Altars:
Cheibriados


Innate Abilities, Weirdness & Mutations

You are too large for most types of armour.
You have claws for hands.
Your natural rate of healing is unusually fast.
You are covered in fur. (AC +1)
You have tough skin. (AC +1)


Message History

The goblin hits you with a +2 dagger of venom.
You are more poisoned.
You barely miss the goblin.
You feel very sick.
Unknown command.
You barely miss the goblin.
You feel very sick. Robin throws the goblin at you!
* * * LOW HITPOINT WARNING * * *
The goblin misses you.
The goblin hits you with a +2 dagger of venom.
* * * LOW HITPOINT WARNING * * *
The goblin hits you with a +0 club.
* * * LOW HITPOINT WARNING * * *
You feel sick. Robin closely misses you.
Things that are here:
a +0 club; a hobgoblin corpse; a goblin corpse You claw Robin!
You feel the power of Trog in you as your rage grows.
You kill Robin!
Trog accepts your kill.
You feel very sick.
Unknown command.
You feel sick.
Items here: ) [[ †.
You feel a strong urge to attack something.
You feel sick.
You feel sick.
You feel your anger nearly subside.
You are no longer berserk.
You are exhausted.
You feel yourself slow down.
You feel sick.
The goblin hits you with a +2 dagger of venom.
* * * LOW HITPOINT WARNING * * *
You are lethally poisoned!
You barely miss the goblin.
* * * LOW HITPOINT WARNING * * *
You feel very sick.
The goblin no longer looks unusually strong. x2
The goblin hits you with a +2 dagger of venom.
You die...

## ..# # #.# #. #.#
#. #.# #. #.# ##.
#.##########.#####.#
#..
#.......@ggg.......#
#..
############.######
#.# #.######### #.
#.........> #
#######..######## #
.........#
#######.## #.# #
#†### #


You could see 3 goblins.

Vanquished Creatures
  Jessica (D:2)
  Natasha (twice) (D:2)
  Robin (D:2)
  An adder (D:2)
  A worm (D:2)
  2 dart slugs (D:1)
  2 ball pythons (D:2)
  2 bats (D:2)
  2 endoplasms
  A giant cockroach (D:2)
  2 hobgoblins (D:2)
  A kobold (D:2)
  2 quokkas
  A frilled lizard (D:2)
  A goblin (D:2)
  4 rats
26 creatures vanquished.

Notes
Turn   | Place    | Note
-------+----------+-------------------------------------------
     0 | D:1      | kevlar127 the Troll Berserker began the quest for the Orb.
     0 | D:1      | Reached XP level 1. HP: 22/22 MP: 0/0
   257 | D:1      | Found a faded altar of an unknown god.
   445 | D:1      | Reached XP level 2. HP: 29/29 MP: 1/1
   692 | D:2      | Noticed Jessica
   701 | D:2      | Killed Jessica
   702 | D:2      | Reached XP level 3. HP: 29/36 MP: 2/2
   711 | D:2      | Identified the +0 ring mail of Weightlessness {Dex+5}
   884 | D:2      | Found a snail-covered altar of Cheibriados.
   930 | D:2      | Reached ** piety under Trog
  1068 | D:2      | Noticed Natasha
  1074 | D:2      | Killed Natasha
  1075 | D:2      | Reached XP level 4. HP: 45/45 MP: 3/3
  1087 | D:2      | Noticed Natasha
  1095 | D:2      | Killed Natasha
  1096 | D:2      | Reached skill level 4 in Unarmed Combat
  1120 | D:2      | Noticed Robin
  1134 | D:2      | Killed Robin
  1139 | D:2      | HP: 1/45 [poisoned by a goblin]
  1139 | D:2      | Slain by a goblin

Illustrated notes

Levels and vault maps discovered:
D:1:      kilobyte_arrival_exit_the_forest, layout_rooms,
          shapermc_ecumenical_altar_gd, serial_forest,
          infiniplex_forest_lined_3_way, infiniplex_forest_straight_3,
          infiniplex_forest_end_1, infiniplex_forest_straight_4,
          infiniplex_forest_straight_1, infiniplex_forest_zigzag_2,
          infiniplex_forest_side_room, lemuel_another_geyser
D:2:      layout_loops_ring, basic_altar, serial_shops, shop,
          ebering_dispersal_statue_hall, st_stairs_11, uniq_robin, uniq_natasha,
          uniq_jessica

Skill      XL: |  1  2  3  4 |
---------------+-------------+-----
Dodging        | 3 |  3.0
Fighting       | 3 |  3.4
Unarmed Combat | 4 |  4.2

Action                   |  1- 3 |  4- 6 || total
-------------------------+-------+-------++-------
Melee: Unarmed           |    51 |    17 ||    68
       Punch             |     1 |       ||     1
Invok: Berserk           |       |     1 ||     1
       Trog's Hand       |       |     1 ||     1
 Stab: Sleeping          |     1 |       ||     1
Armor: Animal skin       |    20 |     6 ||    26
Dodge: Dodged            |    28 |    12 ||    40

Table legend: (Time is in decaauts)
 A = Elapsed time spent in this place.
 B = Non-inter-level travel time spent in this place.
 C = Inter-level travel time spent in this place.
 D = Time resting spent in this place.
 E = Time spent auto-exploring this place.
 F = Levels seen in this place.
 G = Mean time per level.
                   A        B        C        D        E       F      G
               +--------+--------+--------+--------+--------+-----+--------+
         Total |   1146 |   1108 |     38 |      0 |    945 |   2 |  573.0 |
       Dungeon |   1146 |   1108 |     38 |      0 |    945 |   2 |  573.0 |
               +--------+--------+--------+--------+--------+-----+--------+

Top non-repeatable levels by time:
     D:1: 688 daAuts
     D:2: 458 daAuts
